 Dungeon Crawl Stone Soup version bcrawl-1.13 (webtiles) character file.

Game seed: 11678918507501893543

28 Camlann the Sneak (level 3, 29/29 HPs)
             Began as a Demonspawn Archaeologist on July 27, 2019.
             Quit the game on level 1 of the Dungeon.
             The game lasted 00:01:04 (805 turns).

Camlann the Sneak (Demonspawn Archaeologist)         Turns: 805, Time: 00:01:05

Health: 29/29      AC:  8    Str: 12    XL:     3   Next: 0%
Magic:  3/3        EV: 12    Int: 15    God:
Gold:   26         SH:  0    Dex: 11    Spells: 2/2 levels left

rFire    . . .     SeeInvis .   a - +0 whip
rCold    . . .     Gourm    .   (no shield)
rNeg     . . .     Faith    .   b - +1 robe
rPois    .         Spirit   +   c - +1 hat
rElec    .         Reflect  .   (no cloak)
rCorr    .         Harm     .   (no gloves)
MR       .....                  d - +1 pair of boots
Stlth    ++........             i - amulet of rage
HPRegen  0.09/turn              (no ring)
MPRegen  0.08/turn              (no ring)

@: studying Spellcasting
A: molten scales 1, magic shield
a: Evoke Berserk Rage


You were on level 1 of the Dungeon.
You were not hungry.

You visited 1 branch of the dungeon, and saw 1 of its levels.

You collected 26 gold pieces.

Inventory:

Hand Weapons
 a - a +0 whip (weapon)
Armour
 b - a +1 robe (worn)
 c - a +1 hat (worn)
 d - a +1 pair of boots (worn)
Jewellery
 i - an amulet of rage (around neck)
Scrolls
 h - 2 scrolls of fear
 k - 3 scrolls of teleportation {unknown}
 m - a scroll of identify {unknown}
 q - a scroll of remove curse {unknown}
Potions
 l - 4 potions of curing {unknown}
 n - a potion of might {unknown}
 o - a potion of ambrosia {unknown}
 p - a potion of agility {unknown}
Books
 e - a manual of Spellcasting
Miscellaneous
 f - an ancient crate
Comestibles
 g - a ration {!d}
 j - 3 chunks of flesh


   Skills:
 + Level 3.0 Fighting
 - Level 0.8 Maces & Flails
 - Level 2.6 Dodging
 - Level 3.0 Stealth


You had 2 spell levels left.
You didn't know any spells.
Your spell library was empty.

Dungeon Overview and Level Annotations

Branches:
Dungeon (1/12)

Altars:


Innate Abilities, Weirdness & Mutations

You are partially covered in molten scales. (AC +2)
When hurt, damage is shared between your health and your magic reserves.


Message History

No target in view!
No target in view!
Found a stone staircase leading down.
l - 4 glowing brown potions (gained 1)
q - a scroll labeled MURI SUCORIR
Found a stone staircase leading down.
A hobgoblin comes into view. It is wielding a +0 club.
The hobgoblin shouts!
The hobgoblin moves out of view.
The hobgoblin closely misses you.
The hobgoblin is too close now for your liking.
You hit the hobgoblin. The hobgoblin closely misses you.
You hit the hobgoblin.
You kill the hobgoblin!
You have reached level 3!
Your experience leads to an increase in your attributes!
Increase (S)trength, (I)ntelligence, or (D)exterity?
You feel stronger.
Your demonic ancestry asserts itself...
You feel your magical essence form a protective shroud around your flesh.
You have an epiphany!
The dusty tome is a manual of Spellcasting!
Reading it may be key to unlocking the crate...

#.# ## .#
#.# # .#
.# .# .#
.#
#########
#.#
.........
###.#.#
######.#
#.@...#
#.#
#.#)###
########.#
#.#.#
#...).....
#.#.#
#.######.#
###.#.#
#.# #.#
#...#.##
#.# #.#
#.##...##
#.# #.#
#.##....#
#.######.#
#.##....#
#.##......


There were no monsters in sight!

Vanquished Creatures
  2 dart slugs (D:1)
  2 leopard geckos (D:1)
  A ball python (D:1)
  A bat (D:1)
  2 goblins (D:1)
  5 hobgoblins (D:1)
  A kobold (D:1)
  A frilled lizard (D:1)
  7 rats (D:1)
22 creatures vanquished.

Notes
Turn   | Place    | Note
-------+----------+-------------------------------------------
     0 | D:1      | Camlann the Demonspawn Archaeologist began the quest for
                  | the Orb.
     0 | D:1      | Reached XP level 1. HP: 15/15 MP: 1/1
   222 | D:1      | Gained mutation: You are partially covered in molten
                  | scales. (AC +2) [demonic ancestry]
   222 | D:1      | Reached XP level 2. HP: 19/22 MP: 2/2
   804 | D:1      | Gained mutation: When hurt, damage is shared between your
                  | health and your magic reserves. [demonic ancestry]
   804 | D:1      | Reached XP level 3. HP: 29/29 MP: 3/3
   805 | D:1      | Quit the game

Skill      XL: |  1  2 |
---------------+-------+-----
Fighting       | 2 3 |  3.0
Maces & Flails | |  0.8
Dodging        | |  2.6
Stealth        | |  3.0

Action                   || total
-------------------------++-------
Melee: Whip              ||    85
 Abil: Evoke Berserk Rag ||     1
  Use: Scroll            ||     1
 Stab: Sleeping          ||     5
  Eat: Chunk             ||     1
Armor: Robe              ||    30
Dodge: Dodged            ||    52
